 Dungeon Crawl Stone Soup version 0.17.0-9-g801d43b (webtiles) character file.

48 septik the Insei (level 3, -2/23 HPs)
             Began as an Octopode Transmuter on Nov 9, 2015.
             Slain by a gnoll
             ... wielding a +0 whip
              (4 damage)
             ... on level 2 of the Dungeon.
             The game lasted 00:04:02 (1136 turns).

septik the Insei (Octopode Transmuter)              Turns: 1136, Time: 00:04:02

Health: -2/23      AC:  1    Str:  9    XL:     3   Next: 72%
Magic:  6/6        EV: 12    Int: 15    God:
Gold:   96         SH:  0    Dex: 13    Spells: 2 memorised, 2 levels left

rFire  . . .     SeeInvis .       - Unarmed
rCold  . . .     Clarity  .     (no shield)
rNeg   . . .     SustAt   .     (helmet restricted)
rPois  .         Gourm    .     (no amulet)
rElec  .         Spirit   .     (no ring)
rCorr  .         Warding  .     (no ring)
rMut   .         Stasis   .     (no ring)
MR     .....                    (no ring)
Stlth  ++........               (no ring)
                                (no ring)
                                (no ring)
                                (no ring)

@: appendage (expiring), not resistant to hostile enchantments, unstealthy
A: almost no armour, amphibious, 8 rings, constrict 8, tentacle spike 3,
camouflage 1, gelatinous body 1
a: End Transformation


You were on level 2 of the Dungeon.
You were not hungry.
One of your tentacles had a temporary spike.
You visited 1 branch of the dungeon, and saw 2 of its levels.

You collected 96 gold pieces.

Inventory:

Missiles
 a - 12 arrows
 g - 107 stones (quivered)
 h - 4 poisoned javelins
 m - 12 poisoned needles
Scrolls
 d - a scroll of remove curse {unknown}
 e - a scroll of noise {unknown}
Potions
 f - 2 potions of curing {unknown}
 i - a potion of cancellation {unknown}
 k - a potion of heal wounds {unknown}
Books
 b - a book of Changes

   Spells                             Type                      Level
   a - Beastly Appendage              Transmutation                1
   b - Sticks to Snakes               Transmutation                2
   c - Spider Form                    Transmutation/Poison         3
   d - Ice Form                       Ice/Transmutation            4
   e - Blade Hands                    Transmutation                5
Comestibles
 c - 2 bread rations
 j - a meat ration


   Skills:
 - Level 1.0 Fighting
 - Level 2.0 Dodging
 - Level 4.0 Unarmed Combat
 - Level 2.0 Spellcasting
 + Level 2.8 Transmutations


You had 2 spell levels left.
You knew the following spells:

 Your Spells              Type           Power        Failure   Level  Hunger
a - Beastly Appendage     Trmt           #.....       10%         1    #......
b - Spider Form           Trmt/Pois      #.........   43%         3    ###....


Dungeon Overview and Level Annotations

Branches:
Dungeon (2/15)

Altars:


Innate Abilities, Weirdness & Mutations

You cannot wear most types of armour.
You are amphibious.
You can wear up to eight rings at the same time.
You can use your tentacles to constrict eight enemies at once.
Your skin changes colour to match your surroundings (Stealth).
Your rubbery body absorbs attacks (AC +1).
One of your tentacles bears a large vicious spike.


Message History

The gnoll is lightly wounded.
Your transformation is almost over.
You constrict the gnoll. The gnoll barely misses you.
You tentacle-slap the gnoll but do no damage.
You pierce the gnoll.
You squeeze the gnoll.
The gnoll is moderately wounded.
You constrict the gnoll. The gnoll hits you with a spear.
You tentacle-slap the gnoll.
You pierce the gnoll.
The gnoll is severely wounded.
You constrict the gnoll. The gnoll hits you with a spear.
You tentacle-slap the gnoll.
You kill the gnoll!
The gnoll hits you with a whip.
* * * LOW HITPOINT WARNING * * *
Things that are here:
a spear; a gnoll corpse You tentacle-slap the gnoll.
Your grab misses the gnoll.
The gnoll is lightly wounded.
The gnoll hits you with a whip.
You die...

.....#
............##.# #.#
.....#
............##.# #.#
######
............##.# #.#
............##.# #.#
............##.# #.#
#######'#'#.##.# #.#
#.#g#[##.. #.#
#.#g#.#### #.#
#.#@#.# #.#
##############.#)#..
#.#
#..............#.###
#.#
#.##############.#
#.# #.# #.# #.# #.#
#.# #.# #.#
#.############.# ..#
#..............# #.#
#.##############


You could see 2 gnolls.

Vanquished Creatures
  2 gnolls (D:2)
  2 ball pythons (D:1)
  9 bats
  2 giant cockroaches (D:1)
  3 goblins (D:1)
  2 hobgoblins (D:1)
  3 giant newts
  4 kobolds
  2 rats (D:1)
29 creatures vanquished.

Notes
Turn   | Place    | Note
--------------------------------------------------------------
     0 | D:1      | septik the Octopode Transmuter began the quest for the Orb.
     0 | D:1      | Reached XP level 1. HP: 13/13 MP: 3/3
    37 | D:1      | Reached XP level 2. HP: 6/18 MP: 3/5
   492 | D:1      | Reached skill level 4 in Unarmed Combat
   698 | D:1      | Reached XP level 3. HP: 23/23 MP: 4/6
   746 | D:1      | Learned a level 3 spell: Spider Form
  1136 | D:2      | Slain by a gnoll

Action                   || total
-------------------------++-------
Melee: Unarmed           ||    68
 Cast: Beastly Appendage ||     7
 Stab: Sleeping          ||     3
  Eat: Chunk             ||     1
